 Dungeon Crawl Stone Soup version 0.31-a0-1237-gabc64e778c (webtiles) character file.

Game seed: 10963812733373297407

127951 gelatine the Fighter (level 16, -8/142 (152) HPs)
             Began as a Demonspawn Fighter on Dec 16, 2023.
             Was the Champion of Jiyva.
             Mangled by a pharaoh ant (29 damage)
             ... on level 2 of the Spider Nest.
             The game lasted 01:32:16 (23838 turns).

gelatine the Fighter (Demonspawn Fighter)          Turns: 23838, Time: 01:32:17

HP:   -8/142 (152)  AC: 12    Str: 24    XL:     16   Next: 17%
MP:   25/25         EV: 28    Int:  9    God:    Jiyva [******]
Gold: 620           SH: 12    Dex: 17    Spells: 25/27 levels left

rFire   + . .        u - +5 demon trident (heavy)
rCold   + . .        L - +0 buckler {reflect}
rNeg    . . .        s - +0 troll leather armour
rPois   +            (helmet unavailable)
rElec   .            J - +1 cloak {rCorr}
rCorr   +            A - +0 pair of gloves of Insatiable Hunger {rC- rCorr Dex+4 Stlth+}
SInv    .            (boots unavailable)
Will    ++...        b - amulet of reflection
Stlth   +++          M - ring "Coruexei" {rPois rF+ EV+5}
HPRegen 2.83/turn    v - ring of willpower
MPRegen 0.69/turn

%: reflection
@: mighty, agile, drained
A: horns 3, icy blue scales 3, powered by pain 2, hooves 3, cold resistance 1,
robust 2
}: 1/15 runes: slimy
a: Renounce Religion, Oozemancy, Slimify


You were on level 2 of the Spider Nest.
You worshipped Jiyva.
Jiyva was exalted by your worship.
You visited 7 branches of the dungeon, and saw 28 of its levels.

You collected 1736 gold pieces.
You spent 1116 gold pieces at shops.

Inventory:

Hand Weapons
 a - the +9 spear "Uhoiniur" {spect, rF+ rC+++ rN+ Int-5}
   (You found it on level 5 of the Pits of Slime)

   Int-5:     It affects your intelligence (-5).
   rF+:       It protects you from fire.
   rC+++:     It renders you almost immune to cold.
   rN+:       It protects you from negative energy.
 t - a +4 trident of draining
 u - a +5 heavy demon trident (weapon)
 Q - the +12 glaive of Prune {freeze, Prune}
   (You found it on level 5 of the Pits of Slime)

   Prune:     It halves damage taken while paralysed, petrified or unconscious.
 Z - the +8 morningstar of Blood-Lust {freeze, ^Contam rElec Str+8 Stlth-}
   (You found it on level 12 of the Dungeon)

   Str+8:     It affects your strength (+8).
   rElec:     It insulates you from electricity.
   ^Contam:   It causes magical contamination when unequipped.
   Stlth-:    It makes you less stealthy.
Missiles
 D - a throwing net
 V - 2 javelins (quivered)
Armour
 c - +0 steam dragon scales
 s - a +0 troll leather armour (worn)
 A - the +0 pair of gloves of Insatiable Hunger (worn) {rC- rCorr Dex+4 Stlth+}
   (You found it on level 4 of the Dungeon)

   Dex+4:     It affects your dexterity (+4).
   rC-:       It makes you vulnerable to cold.
   rCorr:     It protects you from acid and corrosion.
   Stlth+:    It makes you more stealthy.
 J - a +1 cloak of preservation (worn)
 K - a +2 pair of boots of flying
 L - a +0 buckler of reflection (worn)
Jewellery
 b - an amulet of reflection (around neck)
 k - a ring of poison resistance
 l - a +5 ring of evasion
 v - a ring of willpower (right hand)
 y - a ring of willpower
 M - the ring "Coruexei" (left hand) {rPois rF+ EV+5}
   (You found it on level 3 of the Lair of Beasts)

   [ring of evasion]

   EV+5:      It affects your evasion (+5).
   rF+:       It protects you from fire.
   rPois:     It protects you from poison
 N - a ring of ice
 U - a ring of willpower
Wands
 i - a wand of charming (2)
 o - a wand of quicksilver (3)
 G - a wand of iceblast (3)
 R - a wand of polymorph (5)
Scrolls
 d - a scroll of enchant weapon
 f - 2 scrolls of noise
 g - a scroll of fear
 n - 2 scrolls of fog
 p - 2 scrolls of poison
 w - 3 scrolls of immolation
 B - 4 scrolls of identify
 C - 8 scrolls of teleportation
 H - a scroll of enchant armour
 S - 3 scrolls of vulnerability
 T - 2 scrolls of amnesia
 X - a scroll of revelation
 Y - a scroll of acquirement
Potions
 e - 2 potions of cancellation
 h - a potion of berserk rage
 j - 6 potions of enlightenment
 m - a potion of invisibility
 q - a potion of ambrosia
 r - 5 potions of curing
 x - 4 potions of haste
 z - 5 potions of attraction
 E - 3 potions of might
 F - a potion of lignification
 I - a potion of mutation
 O - 3 potions of resistance
 P - 4 potions of brilliance
 W - a potion of heal wounds


   Skills:
 * Level 11.8 Fighting
 + Level 8.0(10.1) Axes
 + Level 9.8(11.0) Polearms
 + Level 0.9 Ranged Weapons
 * Level 7.4 Throwing
 * Level 10.2 Armour
 * Level 10.5 Dodging
 + Level 3.5 Stealth
 * Level 11.2 Shields
 * Level 6.0 Spellcasting
 * Level 6.0 Translocations
 * Level 6.8 Evocations


You had 25 spell levels left.
You knew the following spells:

 Your Spells              Type           Power      Damage    Failure   Level
a - Blink                 Tloc           26%        N/A       3%          2

Your spell library contained the following spells:

 Spells                   Type           Power      Damage    Failure   Level
 Manifold Assault         Tloc           13%        N/A       24%         4
 Passage of Golubria      Tloc           13%        N/A       24%         4
 Foxfire                  Conj/Fire      8%         2x1d4     28%         1
 Slow                     Hex            8%         N/A       28%         1
 Sting                    Tmut/Pois      8%         1d3       28%         1
 Ensorcelled Hibernation  Hex/Ice        4%         N/A       38%         2
 Passwall                 Tmut/Erth      1%         N/A       38%         2
 Call Canine Familiar     Summ           2%         N/A       63%         3
 Confusing Touch          Hex            2%         N/A       63%         3
 Ignite Poison            Fire/Tmut/Pois 2%         N/A       63%         3
 Sigil of Binding         Hex            2%         N/A       63%         3
 Swiftness                Air            2%         N/A       63%         3
 Tukima's Dance           Hex            2%         N/A       63%         3
 Vampiric Draining        Necr           2%         2d6       63%         3
 Dimensional Bullseye     Hex/Tloc       4%         N/A       63%         4
 Brom's Barrelling Bould  Conj/Erth      2%         2d3       95%         4
 Cause Fear               Hex            1%         N/A       95%         4
 Fulminant Prism          Conj/Hex       1%         3d5       95%         4
 Leda's Liquefaction      Hex/Erth       1%         N/A       95%         4
 Petrify                  Tmut/Erth      2%         N/A       95%         4
 Sticky Flame             Conj/Fire      2%         2d3       95%         4
 Alistair's Intoxication  Tmut/Pois      1%         N/A       100%        5
 Borgnjor's Vile Clutch   Necr/Erth      1%         N/A       100%        5
 Fireball                 Conj/Fire      1%         3d3       100%        5
 Lee's Rapid Deconstruct  Erth           1%         3d4*      100%        5
 Yara's Violent Unravell  Hex/Tmut       1%         3d3       100%        5
 Bombard                  Conj/Erth      1%         9d1       100%        6
 Eringya's Noxious Bog    Tmut/Pois      1%         4d6       100%        6
 Dragon's Call            Summ           1%         N/A       100%        9


Dungeon Overview and Level Annotations

Branches:
Dungeon (12/15)            Temple (1/1) D:5            Lair (5/5) D:11
  Swamp (1/4) Lair:2       Spider (2/4) Lair:3        Slime (5/5) Lair:4
    Orc (2/2) D:10            Elf (0/3) Orc:2

Altars:
Ashenzari
Cheibriados
Dithmenos
Fedhas
Gozag
Hepliaklqana
Kikubaaqudgha
Makhleb
Nemelex Xobeh
Okawaru
Qazlal
Ru
Sif Muna
Trog
Uskayaw
Vehumet
Wu Jian
Xom
Yredelemnul
Jiyva

Shops:
D:5 [:([[   D:8 [:==!=   D:9 [   Orc:2 ??(=

Portals:
Pandemonium: Orc:2

Annotations:
D:5 1 runed translucent door, voltaire321's ghost, novice GrEE
Spider:2 Arachne
Slime:5 Royal Jelly


Innate Abilities, Weirdness & Mutations

You have a pair of large horns on your head.
You are completely covered in icy blue scales. (AC +4, rC+)
You sometimes gain power by taking damage.
You have hooves in place of feet.
Your flesh is cold resistant. (rC+)
You are very robust. (+20% HP)


Message History

* * * LOW HITPOINT WARNING * * *
You feel drained.
* * * LOW HITPOINT WARNING * * *
Arachne mumbles some strange words.
Arachne blinks!
The pharaoh ant attacks as it pursues you!
You block the pharaoh ant's attack. You block the wolf spider's attack.
The wolf spider closely misses you. The pharaoh ant bites you.
* * * LOW HITPOINT WARNING * * *
The wolf spider attacks as it pursues you!
The wolf spider misses you.
The wolf spider bites you but does no damage.
You block the pharaoh ant's attack. The wolf spider completely misses you.
You block the wolf spider's attack.
The pharaoh ant attacks as it pursues you!
The pharaoh ant misses you.
The wolf spider attacks as it pursues you!
The wolf spider completely misses you. You block the wolf spider's attack.
The wolf spider misses you. x2
You block the pharaoh ant's attack. The wolf spider misses you.
The wolf spider completely misses you.
The wolf spider attacks as it pursues you!
The wolf spider hits you! The wolf spider bites you!
* * * LOW HITPOINT WARNING * * *
The tarantella attacks as it pursues you!
You block the tarantella's attack.
The wolf spider attacks as it pursues you!
You block the wolf spider's attack. The wolf spider closely misses you.
The pharaoh ant attacks as it pursues you!
The pharaoh ant bites you!
* * * LOW HITPOINT WARNING * * *
You focus on the pain.
You feel mightier all of a sudden.
You feel drained.
* * * LOW HITPOINT WARNING * * *
There is a stone staircase leading up, spattered with blood here.
The wolf spider hits you!
* * * LOW HITPOINT WARNING * * *
The wolf spider misses you. The pharaoh ant bites you!!
You die...

......^.. ..
.^###.......##### ##..
.....^......#$..^ .~..
.....#.......... #~..
.......s.......##$..
#######........#####~..##
.....<.....s.............
.........B....H...?......
.. #..†@s.......####....
.. ..
#....s...^......##...
.###~####.............#~..
~............?....†...##^
#........#.....^.........
#.#####..#.....#....^....
#........#...#.#..#~#....
#^......†#...#~#^...# .$.
#........#.....~#...# ..


You could see Arachne, a wolf spider, 2 orb spiders, a pharaoh ant and a
tarantella.

Vanquished Creatures
  Gastronok (Lair:1)
  A fire giant (D:12)
  2 emperor scorpions (Spider:2)
  The ghost of jejorda2 the Cleaver, a journeyman GnBe of Trog (Lair:5)
  A broodmother (Spider:2)
  A dire elephant (Lair:5)
  An eleionoma (Swamp:1)
  A bunyip (Swamp:1)
  A minotaur (Lair:5)
  The ghost of TransRights the Basher, a journeyman MiBe of Trog (Lair:2)
  Fannar (Lair:1)
  Harold (Lair:1)
  2 demonspawn (Orc:2)
  3 hydras
  An alligator (Swamp:1)
  A jorogumo (Spider:2)
  4 boulder beetles
  2 two-headed ogres
  3 orc high priests (Orc:2)
  A deep troll earth mage (D:12)
  17 death yaks
  A demonic crawler (Lair:3)
  8 hell knights (D:10)
  Urug (Lair:4)
  7 spriggans (Swamp:1)
  A sun demon (Orc:2)
  2 spectral death yaks (Lair:5)
  A sixfirhy (Orc:2)
  3 pharaoh ants
  A sun moth (Spider:1)
  2 skysharks (Lair:2)
  A goliath frog (Swamp:1)
  2 spriggan druids (Swamp:1)
  A spectral anaconda (Lair:5)
  An orb spider (Spider:1)
  8 orc knights
  2 bog bodies
  An obsidian statue (Lair:5)
  4 steelbarb worms
  3 wolf spiders
  5 necromancers
  A deep elf pyromancer (D:12)
  7 orc sorcerers (Orc:2)
  2 moths of wrath (Spider:1)
  3 will-o-the-wisps (Swamp:1)
  2 oklob plants (Lair:4)
  4 cyclopes
  A manticore (D:11)
  Maurice (D:7)
  16 elephants
  5 black mambas
  12 cane toads
  2 torpor snails
  2 rust devils (Orc:2)
  Jeremiah (D:9)
  An orange demon (Orc:2)
  2 rime drakes
  An unseen horror (D:11)
  A freezing wraith (D:8)
  10 komodo dragons
  6 trolls
  7 hornets (Swamp:1)
  A tyrant leech (Swamp:1)
  7 tarantellas
  Grinder (D:5)
  9 blink frogs
  A spectral elephant (Lair:5)
  6 dream sheep (Lair:5)
  Sigmund (D:3)
  6 culicivoras
  13 jumping spiders
  4 shadows
  23 yaks
  A wraith (D:12)
  6 basilisks
  6 wyverns
  A steam dragon (D:6)
  2 death yak simulacra (Lair:5)
  23 redbacks
  5 vampire mosquitoes (D:11)
  2 spectral cane toads (Lair:5)
  Duvessa (D:4)
  5 wargs
  3 swamp worms (Swamp:1)
  16 water moccasins
  6 hell hounds (D:10)
  3 swamp drakes (Swamp:1)
  4 black bears
  6 ice beasts
  32 orc warriors
  15 ogres
  An elephant zombie (Lair:5)
  9 centaurs
  6 wolves
  An elephant skeleton (Lair:5)
  4 kobold brigands
  5 gnoll sergeants
  8 bullfrogs
  7 scorpions
  Dowan (D:4)
  An elephant simulacrum (Lair:5)
  13 killer bees
  14 howler monkeys
  24 orc priests
  3 gnoll boudas (D:8)
  10 hounds
  Jessica (D:3)
  Ijyb (D:4)
  Terence (D:3)
  23 orc wizards
  4 iguanas
  Robin (D:4)
  22 gnolls
  5 adders
  2 ufetubi (D:6)
  2 worms
  2 dart slugs (D:2)
  53 orcs
  10 endoplasms
  3 giant cockroaches
  12 goblins
  8 hobgoblins
  3 jackals (D:1)
  31 kobolds
  2 quokkas (D:2)
  7 ball pythons
  4 bats
  2 frilled lizards
  3 rats
707 creatures vanquished.

Vanquished Creatures (collateral kills)
  An elephant (Lair:5)
  A culicivora (Spider:1)
  An orc wizard (D:8)
  An orc (D:8)
4 creatures vanquished.

Vanquished Creatures (others)
  An orc high priest (Orc:2)
  A troll (D:12)
  2 blink frogs
  A slime creature (D:12)
  A basilisk (Lair:1)
  A water moccasin (Lair:2)
  A hell hound (D:10)
  An ogre (D:8)
  A kobold brigand (D:8)
  2 scorpions (Lair:3)
  42 jellies
  4 orc wizards
  4 orcs
  8 foxfires (Swamp:1)
70 creatures vanquished.

Grand Total: 781 creatures vanquished

Notes
Turn   | Place    | Note
-------+----------+-------------------------------------------
     0 | D:1      | gelatine the Demonspawn Fighter began the quest for the
                  | Orb.
     0 | D:1      | Reached XP level 1. HP: 18/18 MP: 1/1
   209 | D:1      | Gained mutation: You have a pair of small horns on your
                  | head. [demonic ancestry]
   209 | D:1      | Reached XP level 2. HP: 21/24 MP: 2/2
   855 | D:2      | Reached XP level 3. HP: 29/29 MP: 3/3
   900 | D:2      | Found a faded altar of an unknown god.
  1076 | D:2      | Found an ornate altar of the Wu Jian Council.
  1687 | D:3      | Got the Tome of Telluric Malisons
  1714 | D:3      | Noticed Jessica
  1721 | D:3      | Killed Jessica
  1722 | D:3      | Reached skill level 1 in Dodging
  1722 | D:3      | Gained mutation: You sometimes gain a little power by
                  | taking damage. [demonic ancestry]
  1722 | D:3      | Reached XP level 4. HP: 19/37 MP: 4/4
  1804 | D:3      | Noticed Terence
  1820 | D:3      | Killed Terence
  2094 | D:3      | Noticed Sigmund
  2118 | D:3      | Killed Sigmund
  2119 | D:3      | Gained mutation: You have a pair of horns on your head.
                  | [demonic ancestry]
  2119 | D:3      | Reached XP level 5. HP: 27/43 MP: 5/5
  2119 | D:3      | Reached XP level 6. HP: 30/49 MP: 6/6
  2206 | D:3      | Noticed an ice beast
  2216 | D:3      | Killed an ice beast
  2612 | D:3      | Noticed an ice beast
  2782 | D:3      | Killed an ice beast
  2783 | D:3      | Reached skill level 1 in Throwing
  2949 | D:4      | Noticed Duvessa
  2949 | D:4      | Noticed Dowan
  2960 | D:4      | Killed Duvessa
  2961 | D:4      | Reached XP level 7. HP: 34/55 MP: 7/7
  2964 | D:4      | Killed Dowan
  3095 | D:4      | Identified the +0 pair of gloves of Insatiable Hunger {rC-
                  | rCorr Dex+4 Stlth+}
  3580 | D:4      | Noticed Robin
  3591 | D:4      | Killed Robin
  3777 | D:4      | Found an ancient bone altar of Kikubaaqudgha.
  3816 | D:4      | Noticed Ijyb
  3828 | D:4      | Killed Ijyb
  3890 | D:4      | Found a radiant altar of Vehumet.
  4113 | D:5      | Entered Level 5 of the Dungeon
  4197 | D:5      | Found a staircase to the Ecumenical Temple.
  4205 | Temple   | Entered the Ecumenical Temple
  4249 | D:5      | Found a stormy altar of Qazlal.
  4266 | D:5      | Reached skill level 5 in Fighting
  4266 | D:5      | Gained mutation: You are partially covered in icy blue
                  | scales. (AC +2) [demonic ancestry]
  4266 | D:5      | Reached XP level 8. HP: 48/62 MP: 8/8
  4410 | D:5      | Noticed Grinder
  4422 | D:5      | Reached skill level 5 in Armour
  4431 | D:5      | Killed Grinder
  4432 | D:5      | Reached skill level 5 in Axes
  4519 | D:5      | Found a broken altar of Ashenzari.
  4617 | D:5      | Found a runed translucent door.
  4617 | D:5      | Noticed voltaire321's ghost (novice GrEE)
  4736 | D:5      | Found Pihoro's Book Boutique.
  4738 | D:5      | Found Etelomio's Armour Emporium.
  4755 | D:5      | Found Obuasuxugh's Armour Shoppe.
  4760 | D:5      | Found Acoqoef's Armour Boutique.
  4760 | D:5      | Found Usalos's Weapon Emporium.
  4811 | D:5      | Bought a +0 pair of boots of flying for 126 gold pieces
  4823 | D:5      | Bought a +0 buckler of reflection for 93 gold pieces
  5776 | D:6      | Gained mutation: You are mostly covered in icy blue scales.
                  | (AC +3) [demonic ancestry]
  5776 | D:6      | Reached XP level 9. HP: 60/69 MP: 9/9
  5811 | D:6      | Found a sparkling altar of Nemelex Xobeh.
  5957 | D:6      | Reached skill level 1 in Stealth
  6111 | D:7      | Noticed Maurice
  6134 | D:7      | Something stole a +0 mace of distortion
  6136 | D:7      | Something stole 5 boomerangs
  6137 | D:7      | Something stole an amulet of magic regeneration
  6139 | D:7      | Something stole 40 gold
  6197 | D:7      | Killed Maurice
  6198 | D:7      | Reached skill level 5 in Shields
  6686 | D:7      | Reached skill level 1 in Evocations
  6854 | D:7      | Found a hazy altar of Hepliaklqana.
  7297 | D:8      | Found a shimmering altar of Xom.
  7315 | D:8      | Found Plog's Distillery.
  7318 | D:8      | Found Ciuler's Jewellery Shop.
  7323 | D:8      | Found Izixtofe's Jewellery Shoppe.
  7323 | D:8      | Found Soig's Jewellery Emporium.
  7325 | D:8      | Bought a potion of heal wounds for 65 gold pieces
  7326 | D:8      | Found Ocvyjum's Armour Emporium.
  7403 | D:8      | Found Cuunam's Vocational Training.
  7463 | D:8      | Noticed a troll
  7477 | D:8      | Reached skill level 5 in Dodging
  7481 | D:8      | Killed a troll
  7776 | D:8      | Gained mutation: You sometimes gain power by taking damage.
                  | [demonic ancestry]
  7776 | D:8      | Reached XP level 10. HP: 67/79 MP: 10/10
  8636 | D:8      | Found a shimmering blue altar of Sif Muna.
  8903 | D:9      | Noticed Jeremiah
  8953 | D:9      | Noticed a two-headed ogre
  8957 | D:9      | Killed a two-headed ogre
  9122 | D:9      | Found Irghel's Armour Emporium.
  9306 | D:9      | Found a bloodstained altar of Trog.
  9454 | D:9      | Killed Jeremiah
  9512 | D:9      | Reached XP level 11. HP: 72/75 MP: 11/11
  9752 | D:10     | Entered Level 10 of the Dungeon
 10030 | D:10     | Reached skill level 1 in Polearms
 10157 | D:10     | Found a staircase to the Orcish Mines.
 10553 | D:10     | Noticed a hell knight
 10739 | D:10     | Noticed a hell knight
 10748 | D:10     | Killed a hell knight
 10819 | D:10     | Noticed a hell knight
 10824 | D:10     | Noticed a hell knight
 10916 | D:10     | Killed a hell knight
 10987 | D:10     | Noticed a hell knight
 11066 | D:10     | Noticed a hell knight
 11078 | D:10     | Noticed a hell knight
 11171 | D:10     | Noticed a necromancer
 11178 | D:10     | Killed a necromancer
 11242 | D:10     | Killed a hell knight
 11266 | D:10     | Killed a hell knight
 11490 | D:10     | Killed a hell knight
 11603 | D:10     | Killed a hell knight
 11741 | D:10     | Killed a hell knight
 11742 | D:10     | Gained mutation: You are completely covered in icy blue
                  | scales. (AC +4, rC+) [demonic ancestry]
 11742 | D:10     | Reached XP level 12. HP: 40/95 MP: 12/12
 11956 | D:10     | Reached skill level 5 in Polearms
 12807 | D:11     | Learned a level 2 spell: Blink
 12862 | D:11     | Found a staircase to the Lair.
 13249 | Lair:1   | Entered Level 1 of the Lair of Beasts
 13426 | Lair:2   | You are sucked into a shaft and drop 1 floor!
 13477 | Lair:4   | Reached skill level 1 in Spellcasting
 13477 | Lair:4   | Reached skill level 1 in Translocations
 13591 | Lair:4   | Found a viscous altar of Jiyva.
 13591 | Lair:4   | Found a staircase to the Slime Pits.
 13597 | Lair:4   | Became a worshipper of Jiyva Juynkayc the Shapeless
 13814 | Lair:1   | Noticed a death yak
 13816 | Lair:1   | Noticed a death yak
 13860 | Lair:1   | Noticed Harold
 13871 | Lair:1   | Reached * piety under Jiyva
 13986 | Lair:1   | Killed Harold
 14033 | Lair:1   | Noticed Fannar
 14042 | Lair:1   | Noticed a death yak
 14048 | Lair:1   | Noticed a death yak
 14049 | Lair:1   | Noticed a death yak
 14075 | Lair:1   | Killed a death yak
 14081 | Lair:1   | Killed a death yak
 14089 | Lair:1   | Killed a death yak
 14102 | Lair:1   | Killed a death yak
 14109 | Lair:1   | Killed a death yak
 14110 | Lair:1   | Reached XP level 13. HP: 33/101 MP: 16/16
 14182 | Lair:1   | Killed Fannar
 14453 | Lair:1   | Noticed Gastronok
 14465 | Lair:1   | Killed Gastronok
 14606 | Lair:2   | Reached skill level 5 in Throwing
 14615 | Lair:2   | Reached ** piety under Jiyva
 14637 | Lair:2   | Noticed TransRights's ghost (journeyman MiBe)
 14742 | Lair:2   | Found a staircase to the Swamp.
 14897 | Lair:2   | Found a runed translucent door.
 14932 | Lair:2   | Killed TransRights's ghost
 15278 | Lair:3   | Identified the ring "Coruexei" {rPois rF+ EV+5}
 15340 | Lair:3   | Reached *** piety under Jiyva
 15358 | Lair:3   | Gained mutation: Your melee attacks may engulf your foes in
                  | ooze. [Jiyva's grace]
 15358 | Lair:3   | Gained mutation: You have a pair of large horns on your
                  | head. [Jiyva's grace]
 15358 | Lair:3   | Gained mutation: Your body has grown eyes which may confuse
                  | attackers. (Acc +3) [Jiyva's grace]
 15358 | Lair:3   | Gained mutation: Your body has grown many eyes which may
                  | confuse attackers. (Acc +5) [Jiyva's grace]
 15715 | Lair:3   | Found a hole to the Spider Nest.
 15948 | Lair:4   | Noticed Urug
 15966 | Lair:4   | Reached skill level 10 in Fighting
 15982 | Lair:4   | Killed Urug
 16266 | Lair:4   | Reached **** piety under Jiyva
 16408 | Lair:4   | Found a blossoming altar of Fedhas.
 16664 | Lair:5   | Entered Level 5 of the Lair of Beasts
 16691 | Lair:5   | Reached XP level 14. HP: 98/110 MP: 19/19
 16946 | Lair:5   | Reached skill level 5 in Evocations
 17013 | Lair:5   | Reached ***** piety under Jiyva
 17067 | Lair:5   | Lost mutation: You have a pair of large horns on your head.
                  | [Jiyva's grace]
 17067 | Lair:5   | Lost mutation: Your body has grown many eyes which may
                  | confuse attackers. (Acc +5) [Jiyva's grace]
 17067 | Lair:5   | Lost mutation: Your body has grown eyes which may confuse
                  | attackers. (Acc +3) [Jiyva's grace]
 17067 | Lair:5   | Gained mutation: You are robust. (+10% HP) [Jiyva's grace]
 17067 | Lair:5   | Gained mutation: You are very robust. (+20% HP) [Jiyva's
                  | grace]
 17067 | Lair:5   | Gained mutation: You are extremely robust. (+30% HP)
                  | [Jiyva's grace]
 17067 | Lair:5   | Gained mutation: Your system is resistant to poisons.
                  | (rPois) [Jiyva's grace]
 17125 | Lair:5   | Noticed jejorda2's ghost (journeyman GnBe)
 17155 | Lair:5   | Found a runed translucent gate.
 17313 | Lair:5   | Got Quisyulo's Elucidation of the Charred Bane
 17404 | Lair:5   | Reached skill level 10 in Shields
 17575 | Lair:5   | Found a runed translucent gate.
 17579 | Lair:5   | Found a runed translucent gate.
 17920 | Lair:5   | Killed jejorda2's ghost
 18168 | Orc:1    | Entered Level 1 of the Orcish Mines
 18474 | Orc:2    | Entered Level 2 of the Orcish Mines
 18891 | Orc:2    | Found Berat's Magic Scroll Shoppe.
 18901 | Orc:2    | Found Qumees's Magic Scroll Emporium.
 18915 | Orc:2    | Gained mutation: You have a pair of large horns on your
                  | head. [demonic ancestry]
 18915 | Orc:2    | Reached XP level 15. HP: 153/153 MP: 22/22
 18955 | Orc:2    | Bought a scroll of acquirement for 832 gold pieces
 18985 | Orc:2    | Reached skill level 5 in Translocations
 19081 | Orc:2    | Reached skill level 5 in Spellcasting
 19124 | Orc:2    | Found Woschedae's Jewellery Shop.
 19124 | Orc:2    | Found a one-way gate leading to the halls of Pandemonium.
 19124 | Orc:2    | Found Ucetutios's Antique Weapon Boutique.
 19293 | Orc:2    | Found a staircase to the Elven Halls.
 19698 | D:12     | Noticed a fire giant
 19698 | D:12     | Found the +10 Black Knight's barding {ponderous, rPois rN+}
 19699 | D:12     | Identified the +8 morningstar of Blood-Lust {freeze,
                  | ^Contam rElec Str+8 Stlth-}
 19709 | D:12     | Killed a fire giant
 19815 | D:12     | Lost mutation: Your system is resistant to poisons. (rPois)
                  | [Jiyva's grace]
 19815 | D:12     | Lost mutation: You are extremely robust. (+30% HP) [Jiyva's
                  | grace]
 19815 | D:12     | Lost mutation: Your melee attacks may engulf your foes in
                  | ooze. [Jiyva's grace]
 19815 | D:12     | Gained mutation: You have large cloven feet. [Jiyva's
                  | grace]
 19815 | D:12     | Gained mutation: You have hoof-like feet. [Jiyva's grace]
 19815 | D:12     | Gained mutation: You have hooves in place of feet. [Jiyva's
                  | grace]
 19815 | D:12     | Gained mutation: Your flesh is cold resistant. (rC+)
                  | [Jiyva's grace]
 19923 | D:12     | Reached ****** piety under Jiyva
 20057 | D:12     | Found a snail-covered altar of Cheibriados.
 20432 | Slime:1  | Entered Level 1 of the Pits of Slime
 20433 | Slime:1  | Noticed an acid blob
 20436 | Slime:1  | Noticed an acid blob
 20450 | Slime:1  | Noticed an azure jelly
 20471 | Slime:1  | Noticed an acid blob
 20474 | Slime:1  | Noticed an acid blob
 20734 | Slime:2  | Noticed an azure jelly
 20815 | Slime:2  | Noticed a rockslime
 20838 | Slime:2  | Noticed an azure jelly
 20990 | Slime:2  | Noticed an azure jelly
 21224 | Slime:5  | Entered Level 5 of the Pits of Slime
 21228 | Slime:5  | Noticed a rockslime
 21276 | Slime:5  | Noticed an acid blob
 21324 | Slime:5  | Noticed a rockslime
 21325 | Slime:5  | Noticed an acid blob
 21328 | Slime:5  | Noticed an acid blob
 21335 | Slime:5  | Noticed a rockslime
 21340 | Slime:5  | Noticed an acid blob
 21341 | Slime:5  | Noticed an acid blob
 21369 | Slime:5  | Noticed a rockslime
 21373 | Slime:5  | Noticed an acid blob
 21374 | Slime:5  | Noticed the Royal Jelly
 21378 | Slime:5  | Noticed an acid blob
 21391 | Slime:5  | Found a viscous altar of Jiyva.
 21393 | Slime:5  | Found the +12 glaive of Prune {freeze, Prune}
 21397 | Slime:5  | Noticed an acid blob
 21405 | Slime:5  | Got the Elucidation of Spellbinding Sculpting
 21410 | Slime:5  | Identified the +4 whip "Ytaunone" {freeze, MP+9 Str+3}
 21412 | Slime:5  | Got a slimy rune of Zot
 21414 | Slime:5  | Identified the +9 spear "Uhoiniur" {spect, rF+ rC+++ rN+
                  | Int-5}
 21469 | Slime:5  | Noticed an acid blob
 21497 | Slime:5  | Noticed a rockslime
 21570 | Slime:5  | Noticed an acid blob
 22057 | Slime:2  | Noticed a rockslime
 22058 | Slime:2  | Noticed an azure jelly
 22148 | Swamp:1  | Entered Level 1 of the Swamp
 22455 | Swamp:1  | Reached skill level 10 in Dodging
 22739 | Spider:1 | Entered Level 1 of the Spider Nest
 23038 | Spider:1 | Reached skill level 10 in Armour
 23301 | Spider:1 | Reached XP level 16. HP: 152/152 MP: 24/24
 23820 | Spider:2 | Noticed Arachne
 23838 | Spider:2 | Mangled by a pharaoh ant

Illustrated notes

Levels and vault maps discovered:
D:1:      minmay_arrival_split_and_join, layout_loops_ring, minmay_quantized
D:2:      layout_basic, basic_altar, hellmonk_ecumenical_altar_heavens_door
D:3:      layout_basic, minivault_23, kennysheep_generic_room_15, uniq_jessica,
          uniq_sigmund, uniq_terence
D:4:      layout_loops_cross, marbit_many_paths,
          mainiacjoe_overflow_small_starburst, uniq_robin, uniq_ijyb,
          uniq_duvessa
D:5:      lemuel_ice_spiral_2, layout_basic, mainiacjoe_overflow_boulevard,
          cheibrodos_ashenzari_chains, minmay_temple_entry_arrows,
          ebering_ghost_inner_flame, nicolae_wooded_promenade, uniq_grinder
D:6:      layout_rooms, good_gods_mini_temple, mainiacjoe_overflow_tiny_flanked
D:7:      layout_basic, nicolae_hepliaklqana_hazy_memory, uniq_maurice
D:8:      lemuel_castle_with_subvaults [lemuel_castle_interior_original],
          layout_rooms, kennysheep_little_box, lemuel_crystal_altar,
          nicolae_shop_national_dungeon_mall, nicolae_shop_vocational
D:9:      layout_loops_cross, lemuel_doored_altar, serial_shops, shop,
          uniq_jeremiah
D:10:     layout_basic, erik_orc_3, minmay_rotating_lava
D:11:     layout_loops_cross, lair_entry_dummy
D:12:     minmay_glassy_protrusions, layout_gridville, serial_glass,
          glass_columns_c, glass_columns_c, slow_altar_1
Temple:   eino_temple_lava
Lair:1:   layout_misc_corridors, pdpol_lair_neglected_garden, uniq_harold,
          uniq_fannar, uniq_gastronok
Lair:2:   layout_cave_shapes, skrybe_swamp_entry_bodies, serial_forest,
          infiniplex_forest_clump_curved, infiniplex_forest_clump_large,
          infiniplex_forest_diagonal, infiniplex_forest_straight_2,
          infiniplex_forest_corner_1, infiniplex_forest_clump_tiny,
          infiniplex_forest_end_1, infiniplex_forest_clump_tiny,
          infiniplex_forest_side_room, hellmonk_ghost_happy_afterlife
Lair:3:   layout_loops_ring, nicolae_spider_entry_non_spiders
Lair:4:   layout_small_grid, slime_entry_1, hangedman_tree_tricks, uniq_urug
Lair:5:   due_jungle_book, layout_regular_city, maelrawn_ghost_gauntlet_escape,
          lemuel_fruit_tree, infiniplex_staircase_pool_2, grunt_megastairs_3
Swamp:1:  layout_basic_swamp, evilmike_swamp_ruin_house_6, swamp_pool_5,
          infiniplex_staircase_pool
Spider:1: layout_spider_delve, hangedman_spider_tarantella_strand
Spider:2: layout_spider_delve, uniq_arachne
Slime:1:  layout_caves, cheibrodos_slime_lost_civilization_5
Slime:2:  nicolae_slime_pool, layout_caves
Slime:3:  cheibrodos_slime_lost_civilization_9, layout_caves
Slime:4:  cheibrodos_slime_lost_civilization_2, layout_caves
Slime:5:  slime_pit_nicolae_royal_road_to_ruin
Orc:1:    layout_diamond_mine
Orc:2:    pf_orc_diabolical, layout_caves, basic_altar

Skill      XL: |  1  2  3  4  5  6  7  8  9 10 11 12 13 14 15 16 |
---------------+-------------------------------------------------+-----
Shields        | 3 4 5 6 7 8 9 10 11 | 11.2
Axes           | 2 3 4 5 6 8 |  8.0
Armour         | 3 4 5 6 7 8 9 10 | 10.2
Dodging        | 1 2 4 5 6 7 8 9 10 | 10.5
Fighting       | 4 5 6 7 8 9 10 11 | 11.8
Throwing       | 1 2 3 4 5 6 7 |  7.4
Stealth        | 1 2 3 |  3.5
Evocations     | 1 2 3 4 5 6 |  6.8
Polearms       | 4 6 7 8 9 |  9.8
Spellcasting   | 2 3 4 5 6 |  6.0
Translocations | 2 3 4 5 6 |  6.0
Ranged Weapons | |  0.9

Action                     |  1- 3 |  4- 6 |  7- 9 | 10-12 | 13-15 | 16-18 || total
---------------------------+-------+-------+-------+-------+-------+-------++-------
  Melee: War axe           |   127 |    52 |   328 |   196 |       |       ||   703
         Headbutt          |    13 |    14 |    60 |   160 |   242 |    24 ||   513
         Trident           |       |       |       |   171 |       |       ||   171
         Demon trident     |       |       |       |   479 |  1080 |    75 ||  1634
         Unarmed           |       |       |       |     2 |       |       ||     2
         Kick              |       |       |       |       |    60 |    37 ||    97
         Spear             |       |       |       |       |       |    29 ||    29
   Fire: Sling             |     5 |     1 |       |       |       |       ||     6
  Throw: Boomerang         |       |     6 |    65 |    65 |       |       ||   136
         Javelin           |       |       |       |    16 |    33 |       ||    49
         Dart              |       |       |       |     2 |       |       ||     2
         Throwing net      |       |       |       |       |     3 |       ||     3
  Evoke: Wand              |       |       |     8 |    37 |     2 |       ||    47
    Use: Potion            |       |     2 |     2 |       |     2 |     1 ||     7
         Scroll            |       |     1 |    12 |     8 |    10 |     1 ||    32
   Stab: Sleeping          |       |       |       |     6 |    23 |     1 ||    30
         Confused          |       |       |       |       |     5 |       ||     5
         Distracted        |       |       |       |       |     2 |       ||     2
         Held in net/web   |       |       |       |       |     1 |       ||     1
 Armour: Scale mail        |    92 |    36 |   126 |       |       |       ||   254
         Steam dragon scal |       |       |   143 |    44 |       |       ||   187
         Troll leather arm |       |       |       |   332 |   625 |    92 ||  1049
         Skin              |       |       |       |     5 |       |       ||     5
  Dodge: Dodged            |    69 |    19 |   274 |   560 |  1072 |   200 ||  2194
  Block: Buckler           |    35 |    12 |    82 |   335 |   700 |   106 ||  1270
         Reflection        |       |       |     2 |    29 |     7 |       ||    38
         Other             |       |       |       |     1 |       |       ||     1

Table legend: (Time is in decaauts)
 A = Elapsed time spent in this place.
 B = Non-inter-level travel time spent in this place.
 C = Inter-level travel time spent in this place.
 D = Time resting spent in this place.
 E = Time spent auto-exploring this place.
 F = Levels seen in this place.
 G = Mean time per level.
                   A        B        C        D        E       F      G
               +--------+--------+--------+--------+--------+-----+--------+
         Total |  24397 |  22702 |   1695 |      0 |  16291 |  28 |  871.3 |
       Dungeon |  14510 |  13744 |    766 |      0 |  10196 |  12 | 1209.2 |
        Temple |      1 |      1 |      0 |      0 |      0 |   1 |    1.0 |
          Lair |   5247 |   4724 |    523 |      0 |   3144 |   5 | 1049.4 |
         Swamp |    596 |    566 |     30 |      0 |    308 |   1 |  596.0 |
   Spider Nest |   1007 |    987 |     20 |      0 |    528 |   2 |  503.5 |
    Slime Pits |   1658 |   1412 |    246 |      0 |   1341 |   5 |  331.6 |
  Orcish Mines |   1376 |   1268 |    108 |      0 |    774 |   2 |  688.0 |
               +--------+--------+--------+--------+--------+-----+--------+

Top non-repeatable levels by time:
    D:10: 2767 daAuts
     D:7: 1539 daAuts
  Lair:5: 1448 daAuts
     D:8: 1334 daAuts
     D:3: 1240 daAuts
     D:4: 1198 daAuts
  Lair:4: 1191 daAuts
     D:5: 1084 daAuts
   Orc:2: 1048 daAuts
    D:11: 960 daAuts
     D:9: 923 daAuts
     D:2: 901 daAuts
     D:6: 896 daAuts
  Lair:1: 887 daAuts
     D:1: 878 daAuts
